Map: Simulacrum LE

Players

Khun (Ranger) - Winner!

  • Race: Protoss Protoss
  • Spawn Location: 5:00

Santos

  • Race: Zerg Zerg
  • League: Platinum
  • Spawn Location: 11:00

Event: SEA Games 2019

VOD

https://youtu.be/9FXGcQodprk

Description

Time

  • Played on: Dec. 5, 2019, 2:39 a.m.
  • Length: 12:36

All games in this series

Show
View Real Time Build Order
Export as new Build Order

Khun Protoss - Winner!

Build Orders: 1 Gate Expand, Oracle Opening, Phoenix Opening, Zealot Archon 

Get SALT Encoding   

  12  0:00  Probe  
  13  0:12  Probe  
  14  0:20  Pylon  
  14  0:24  Probe  
  15  0:38  Probe (Chrono Boost)  
  15  0:41  Gateway  
  16  0:47  Probe (Chrono Boost)  
  17  0:50  Assimilator  
  17  0:52  Probe (Chrono Boost)  
  18  1:04  Probe  
  19  1:16  Probe  
  20  1:24  Nexus  
  20  1:34  Cybernetics Core  
  20  1:41  Assimilator, Probe  
  21  1:49  Pylon  
  21  1:53  Probe  
  22  2:05  Probe  
  22  2:08  Adept (Chrono Boost)  
  23  2:12  Warp Gate  
  25  2:18  Probe  
  26  2:29  Stargate  
  26  2:31  Adept (Chrono Boost)  
  26  2:32  Probe (Chrono Boost)  
  26  2:36  Probe (Chrono Boost)  
  31  2:45  Probe (Chrono Boost)  
  31  2:46  Probe (Chrono Boost)  
  31  2:50  Probe (Chrono Boost)  
  32  2:54  Probe  
  32  2:55  Adept  
  36  3:02  Probe  
  37  3:06  Probe  
  37  3:10  Oracle (Chrono Boost)  
  41  3:14  Probe  
  41  3:18  Gateway, Pylon  
  42  3:29  Robotics Facility  
  42  3:31  Probe, Shield Battery  
  44  3:43  Assimilator, Phoenix (Chrono Boost), Probe  
  44  3:45  Assimilator  
  44  3:47  Probe  
  47  3:55  Probe  
  48  3:59  Probe  
  49  4:07  Probe  
  50  4:11  Probe  
  49  4:19  Probe  
  49  4:23  Gateway  
  49  4:25  Gateway  
  49  4:26  Pylon  
  49  4:31  Probe  
  49  4:32  Nexus  
  49  4:36  Pylon  
  49  4:40  Adept  
  51  4:46  Zealot  
  51  4:47  Probe  
  51  4:48  Probe  
  55  4:57  Immortal  
  59  5:02  Zealot  
  59  5:03  Probe  
  62  5:07  Probe  
  63  5:17  Twilight Council  
  63  5:18  Sentry  
  63  5:19  Forge, Sentry  
  67  5:24  Sentry  
  67  5:28  Shield Battery  
  69  5:30  Probe  
  69  5:31  Shield Battery  
  70  5:43  Warp Prism  
  70  5:44  Probe (Chrono Boost)  
  70  5:46  Pylon  
  70  5:48  Probe (Chrono Boost)  
  70  5:49  Pylon  
  75  5:50  Probe (Chrono Boost), Charge, Protoss Ground Weapons Level 1 (Chrono Boost)  
  75  5:59  Probe (Chrono Boost)  
  76  6:04  Probe (Chrono Boost)  
  76  6:07  Probe (Chrono Boost), Sentry x2  
  76  6:08  Zealot, Sentry  
  76  6:09  Probe  
  87  6:14  Probe  
  85  6:19  Probe  
  85  6:21  Probe  
  87  6:26  Probe  
  87  6:28  Immortal (Chrono Boost)  
  87  6:31  Probe  
  93  6:33  Probe  
  93  6:35  Templar Archives  
  93  6:38  Probe  
  93  6:39  Gateway  
  95  6:41  Adept  
  95  6:42  Adept  
  95  6:43  Probe  
  95  6:45  Probe  
  101  6:59  Pylon  
  101  7:01  Pylon  
  101  7:03  Pylon  
  101  7:10  Adept  
  99  7:15  Assimilator, Adept  
  99  7:17  Assimilator  
  99  7:19  Zealot x2  
  101  7:33  Probe x2  
  99  7:44  High Templar x4  
  101  7:51  Gateway  
  107  7:53  Archon x2, Gateway  
  107  7:54  Gateway  
  107  7:55  Blink (Chrono Boost)  
  107  7:57  Photon Cannon, Gateway  
  107  7:59  Robotics Bay  
  107  8:00  Protoss Ground Weapons Level 2 (Chrono Boost), Nexus  
  107  8:01  Robotics Facility, Pylon  
  107  8:02  Zealot  
  109  8:22  Zealot x4  
  109  8:27  Immortal  
  121  8:31  Pylon  
  121  8:34  Pylon  
  121  8:39  Stalker  
  123  8:44  Extended Thermal Lance  
  123  8:47  High Templar x2  
  123  8:48  Colossus  
  127  8:50  Zealot  
  127  8:52  Archon  
  135  8:59  Zealot x5  
  137  9:05  Assimilator, Colossus  
  137  9:09  Assimilator  
  143  9:11  Pylon  
  143  9:12  Zealot x2  
  143  9:13  Pylon x2  
  147  9:20  Zealot  
  147  9:22  Zealot  
  151  9:24  Zealot  
  151  9:27  Zealot  
  151  9:29  Zealot  
  157  9:39  Colossus (Chrono Boost), Probe x2  
  161  9:45  Zealot  
  161  9:46  Zealot x2  
  161  9:52  Stalker x4  
  162  9:56  Colossus (Chrono Boost), Stalker, Sentry  
  168  10:01  Probe x4  
  162  10:19  Stalker x2  
  162  10:20  Stalker x4  
  166  10:28  Stalker x3  
  160  10:34  Probe x2  
  167  10:35  Probe  
  167  10:37  Probe  
  167  10:41  Observer  
  169  10:43  Zealot x2  
  169  10:47  Probe  
  169  10:48  Disruptor  
  171  11:04  Stalker x5  
  171  11:08  Pylon  
  171  11:11  Pylon  
  179  11:12  Psionic Storm  
  179  11:13  Pylon  
  177  11:29  Disruptor  
  151  11:33  Stalker x7  
  151  11:38  Observer  
  169  11:42  Probe  
  170  11:47  High Templar x2  
  170  11:50  Gateway  
  170  11:51  Archon  
  174  11:59  Disruptor  
  177  12:05  Pylon  
  177  12:08  Stalker x6  
  174  12:15  Photon Cannon  
  174  12:17  Photon Cannon  
Show
View Real Time Build Order
Export as new Build Order

Santos Zerg 

Build Orders: Hatch First 

Get SALT Encoding   

  12  0:00  Drone  
  13  0:12  Overlord  
  13  0:17  Drone  
  14  0:31  Drone x2  
  16  0:49  Hatchery  
  15  0:52  Drone  
  15  0:55  Drone  
  17  1:00  Drone  
  18  1:11  Extractor  
  17  1:15  Spawning Pool  
  16  1:18  Drone  
  16  1:21  Drone  
  18  1:28  Drone  
  19  1:41  Drone  
  20  1:52  Overlord  
  20  2:02  Queen x2  
  20  2:03  Zergling x4  
  26  2:16  Drone x2  
  28  2:25  Drone x2  
  30  2:32  Hatchery  
  29  2:40  Pneumatized Carapace  
  29  2:45  Zergling x2  
  29  2:48  Metabolic Boost  
  29  2:51  Zergling x2  
  31  2:57  Drone x3  
  33  3:03  Queen  
  35  3:07  Overlord  
  35  3:18  Drone  
  36  3:22  Overlord  
  36  3:28  Drone x4  
  36  3:33  Drone  
  41  3:36  Zergling x2  
  41  3:41  Zergling x2  
  43  3:42  Spore Crawler  
  43  3:43  Spore Crawler  
  43  3:47  Zergling x2  
  42  3:49  Drone x5  
  42  3:54  Queen  
  49  3:58  Drone  
  49  3:59  Drone  
  51  4:03  Drone  
  51  4:04  Drone x2  
  51  4:06  Overlord  
  54  4:14  Drone x3  
  57  4:24  Drone x6  
  60  4:36  Lair  
  60  4:42  Overlord  
  60  4:45  Extractor  
  59  4:46  Extractor  
  57  4:54  Drone  
  57  4:58  Overlord x2  
  58  5:03  Drone  
  58  5:04  Drone x7  
  66  5:16  Overlord x2  
  66  5:17  Zergling x12  
  66  5:20  Roach Warren  
  70  5:28  Drone  
  70  5:29  Drone x6  
  77  5:36  Extractor  
  77  5:37  Extractor  
  75  5:43  Evolution Chamber  
  75  5:47  Drone x7  
  81  5:51  Overlord  
  81  5:52  Baneling Nest  
  80  6:00  Queen  
  80  6:03  Queen  
  83  6:07  Overseer  
  83  6:12  Glial Reconstitution  
  83  6:13  Zerg Missile Weapons Level 1  
  83  6:20  Roach  
  83  6:21  Roach x6  
  97  6:32  Hatchery  
  96  6:36  Drone x2  
  98  6:47  Centrifical Hooks  
  98  6:52  Overlord x6  
  95  7:04  Roach  
  95  7:05  Roach x2  
  97  7:11  Roach x9  
  97  7:12  Ravager x2  
  97  7:13  Ravager x3  
  119  7:16  Roach x3  
  127  7:22  Roach  
  127  7:23  Roach x2  
  130  7:31  Roach x2  
  130  7:36  Roach x2  
  136  7:40  Overlord x4  
  136  7:53  Roach x3  
  136  7:54  Overlord x4  
  136  7:55  Overseer  
  142  8:01  Roach x3  
  148  8:14  Drone x5  
  148  8:16  Zerg Missile Weapons Level 2  
  153  8:23  Drone x8  
  161  8:29  Drone  
  161  8:30  Drone x3  
  165  8:37  Evolution Chamber  
  165  8:39  Drone x2  
  166  8:44  Extractor  
  166  8:46  Roach  
  166  8:47  Roach  
  167  9:03  Zergling x10  
  167  9:04  Zergling x12  
  167  9:06  Zerg Melee Weapons Level 1  
  167  9:08  Extractor x2  
  176  9:12  Overseer  
  176  9:14  Overseer x2  
  176  9:17  Roach, Hatchery  
  176  9:18  Roach x10  
  199  9:35  Baneling x9  
  197  9:50  Zergling x16  
  192  10:01  Zergling x2  
  192  10:02  Zergling x14  
  192  10:05  Infestation Pit  
  199  10:09  Roach  
  179  10:22  Roach x5  
  179  10:28  Baneling x16  
  175  10:29  Baneling x3  
  175  10:30  Roach x4  
  183  10:37  Overlord x3  
  183  10:41  Spire  
  182  10:44  Hatchery  
  182  10:49  Roach  
  179  10:59  Roach  
  179  11:00  Roach x11  
  199  11:08  Hive  
  174  11:30  Roach x14  
  155  11:37  Ravager x3  
  155  11:38  Ravager x8  
  155  11:39  Zergling x4  
  173  11:40  Zergling x10  
  173  11:46  Roach x4  
  181  11:53  Corruptor x2  
  167  12:04  Roach  
  167  12:05  Roach x6  
  161  12:10  Baneling  
  161  12:11  Baneling x4  
  161  12:12  Zergling x4  
  163  12:17  Roach x3  
Tags
 
Add a new tag
Caveats
  • Supply blocks, unpowered buildings, or Contaminate may cause inaccurate times.
  • Supply counts are checked every 10 seconds.